 Dungeon Crawl Stone Soup version 0.31-a0-232-gb1c03b2570 (webtiles) character file.

Game seed: 7183859858861387071

658 qw the Shooter (level 7, -4/44 HPs)
             Began as a Gargoyle Hexslinger on July 7, 2023.
             Was a Follower of Okawaru.
             Slain by an ogre
             ... wielding a +0 giant club
              (22 damage)
             ... on level 5 of the Dungeon.
             The game lasted 00:01:35 (3400 turns).

qw the Shooter (Gargoyle Hexslinger)                Turns: 3400, Time: 00:01:36

Health: -4/44      AC: 13    Str: 17    XL:     7   Next: 55%
Magic:  7/8        EV: 13    Int: 14    God:    Okawaru [*.....]
Gold:   15         SH:  0    Dex: 14    Spells: 7/8 levels left

rFire   . . .        Y - +3 sling
rCold   . . .        (no shield)
rNeg    + . .        j - +0 ring mail
rPois   inf          (no helmet)
rElec   +            k - +0 cloak
rCorr   .            o - +0 pair of gloves
SInv    .            (no boots)
Will    .....        (no amulet)
Stlth   ++           e - +6 ring of strength
HPRegen 0.27/turn    (no ring)
MPRegen 0.11/turn

%: no passive effects
@: heroic
A: sickness immunity, AC +4, negative energy resistance 1, electricity
resistance, torment resistance 1, petrification resistance
a: Renounce Religion, Heroism


You were on level 5 of the Dungeon.
You worshipped Okawaru.
Okawaru was aware of your devotion.
You visited 1 branch of the dungeon, and saw 5 of its levels.

You collected 191 gold pieces.
You spent 176 gold pieces at shops.


Innate Abilities, Weirdness & Mutations

You are immune to sickness and miasma.
Your stone body is resilient. (AC +4)
You are immune to poison.
You resist negative energy. (rN+)
You are resistant to electric shocks. (rElec)
You are resistant to unholy torment.
You are immune to petrification.


   Skills:
 - Level 4.3(9.3) Fighting
 + Level 6.5(11.5) Ranged Weapons
 - Level 1.3(6.3) Armour
 - Level 1.5(6.5) Dodging
 - Level 1.0 Spellcasting
 - Level 2.6 Hexes
 + Level 2.3 Invocations


You had 7 spell levels left.
You knew the following spells:

 Your Spells              Type           Power      Damage    Failure   Level
a - Slow                  Hex            32%        N/A       14%         1

Your spell library contained the following spells:

 Spells                   Type           Power      Damage    Failure   Level
 Inner Flame              Hex/Fire       4%         N/A       58%         3
 Portal Projectile        Hex/Tloc       8%         N/A       58%         3
 Cause Fear               Hex            4%         N/A       82%         4

Inventory:

Hand Weapons
 Y - a +3 sling (weapon)
Armour
 j - a +0 ring mail (worn)
 k - a +0 cloak (worn)
 o - a +0 pair of gloves (worn)
Jewellery
 b - a ring of wizardry
 e - a +6 ring of strength (left hand)
 f - a ring of ice
Scrolls
 a - 2 scrolls of identify
Potions
 c - a potion of cancellation
 g - 2 potions of enlightenment
 l - a potion of haste
 n - a potion of might {unknown}

Dungeon Overview and Level Annotations

Branches:
Dungeon (5/15)             Temple (0/1) D:4

Altars:
Gozag
Okawaru
Qazlal
Uskayaw

Shops:
D:2 *   D:4 ?


Message History

The orc wizard hits you but does no damage.
An orc priest comes into view. It is wielding a +0 hand axe.
You shoot a sling bullet. The orc priest shouts!
The sling bullet hits the orc wizard.
The orc wizard is lightly wounded.
The orc wizard points at you and mumbles some strange words.
You resist with some effort.
You shoot a sling bullet.
The sling bullet hits the orc wizard but does no damage.
The orc wizard is lightly wounded.
You shoot a sling bullet.
The sling bullet barely misses the orc wizard.
The orc wizard hits you with a +0 dagger.
You shoot a sling bullet. The sling bullet hits the orc wizard!
The orc wizard is almost dead.
The orc wizard points at you and mumbles some strange words.
You resist with some effort.
You shoot a sling bullet.
The sling bullet hits the orc wizard but does no damage.
The orc wizard is almost dead.
The orc wizard closely misses you.
The orc priest loudly roars encouragement to no one in particular.
You shoot a sling bullet.
The sling bullet barely misses the orc wizard.
The orc wizard misses you.
You shoot a sling bullet. The sling bullet hits the orc wizard!
You kill the orc wizard!
Okawaru accepts your kill.
You shoot a sling bullet. The sling bullet hits the ogre.
The ogre is lightly wounded.
The ogre hits you with a +0 giant club!!
Ouch! That really hurt!
You shoot a sling bullet. The sling bullet hits the ogre!
The ogre is moderately wounded.
You shoot a sling bullet.
The sling bullet barely misses the ogre.
The ogre hits you with a +0 giant club!!
Ouch! That really hurt!
You die...

# #.
#..####..
.......
#..oO)#[#
#.......#
###@#.#
#.......#
#..)#.#
#.......#
#.###.#
........#
#.# #.#
........#
#.###.#
........#
#.....###.#
........#
#####.....#
.).....#
#.# #.#####
..#'####
#.# #.#


You could see an ogre and an orc priest.

Vanquished Creatures
  An ice beast (D:5)
  3 scorpions
  2 hounds (D:4)
  An orc priest (D:5)
  2 iguanas
  3 orc wizards (D:5)
  6 adders
  A gnoll (D:1)
  2 ufetubi
  A worm (D:3)
  2 dart slugs
  13 orcs
  4 bats
  6 endoplasms (D:1)
  3 giant cockroaches
  8 goblins
  10 hobgoblins
  3 jackals (D:4)
  3 kobolds
  2 quokkas
  7 ball pythons
  5 rats
88 creatures vanquished.

Notes
Turn   | Place    | Note
-------+----------+-------------------------------------------
     0 | D:1      | qw the Gargoyle Hexslinger began the quest for the Orb.
     0 | D:1      | Reached XP level 1. HP: 12/12 MP: 2/2
     0 | D:1      | 0 ||| qw: Version: 0.3-a-46-gb1f654a
     0 | D:1      | 0 ||| qw: Game counter: 2280
     0 | D:1      | 0 ||| qw: Melee chars always use a shield: true
     0 | D:1      | 0 ||| qw: God list: Okawaru
     0 | D:1      | 0 ||| qw: Allow faded altars: false
     0 | D:1      | 0 ||| qw: Do Orc after clearing Dungeon:15 true
     0 | D:1      | 0 ||| qw: Do second Lair branch before Depths: true
     0 | D:1      | 0 ||| qw: Lair rune preference: random
     0 | D:1      | 0 ||| qw: Goals: Normal
     0 | D:1      | 0 ||| PLANNING D:1-11
    85 | D:1      | Reached XP level 2. HP: 16/16 MP: 3/3
   176 | D:1      | Reached skill level 3 in Ranged Weapons
   244 | D:1      | Reached XP level 3. HP: 14/21 MP: 4/4
   430 | D:1      | 430 ||| UPGRADING to +0 leather armour.
   440 | D:1      | 440 ||| DROPPING +0 robe.
   441 | D:1      | 441 ||| UPGRADING to +6 ring of strength.
   442 | D:1      | 442 ||| DROPPING ring of magical power.
   443 | D:1      | 443 ||| READING scroll labelled EMNEUF VOTA.
   444 | D:1      | 444 ||| DROPPING scroll of poison.
   762 | D:2      | Found Tuith's Assorted Antiques.
   773 | D:2      | 773 ||| SHOPLISTING ancient platinum ring (140 gold, have
                  | 71).
   773 | D:2      | 773 ||| BUYING puce potion (25 gold).
   773 | D:2      | Bought a puce potion for 25 gold pieces
   773 | D:2      | 773 ||| SHOPLISTING shiny ring mail (196 gold, have 46).
   773 | D:2      | 773 ||| BUYING smoky brown potion (25 gold).
   773 | D:2      | Bought a smoky brown potion for 25 gold pieces
  1048 | D:2      | Reached XP level 4. HP: 24/26 MP: 5/5
  1099 | D:2      | 1099 ||| READING 2 scrolls labelled SIGGAF NAPREXI.
  1100 | D:2      | 1100 ||| READING scroll labelled CAYTRAISKING.
  1101 | D:2      | 1101 ||| READING scroll labelled JEXKAU TUKHAR.
  1102 | D:2      | 1102 ||| READING scroll labelled QOLACLADAG.
  1103 | D:2      | 1103 ||| DRINKING 2 smoky brown potions.
  1104 | D:2      | 1104 ||| DRINKING 2 viscous grey potions.
  1141 | D:3      | Found a faded altar of an unknown god.
  1205 | D:3      | Found an iron altar of Okawaru.
  1206 | D:3      | 1206 ||| PLANNING OKAWARU WORSHIP
  1232 | D:3      | 1232 ||| UPGRADING to +0 cloak.
  1237 | D:3      | 1237 ||| READING scroll labelled PUOWNE WEJANN.
  1240 | D:3      | Found an opulent altar of Gozag.
  1242 | D:3      | Found a stormy altar of Qazlal.
  1242 | D:3      | Found a hide-covered altar of Uskayaw.
  1246 | D:3      | Became a worshipper of Warmaster Okawaru
  1247 | D:3      | 1247 ||| PLANNING D:1-11
  1341 | D:3      | Reached skill level 4 in Ranged Weapons
  1784 | D:3      | 1784 ||| UPGRADING to +0 pair of gloves.
  1789 | D:3      | 1789 ||| DROPPING scarf of invisibility.
  1790 | D:3      | 1790 ||| READING scroll labelled SETSOMM YPOR.
  1791 | D:3      | 1791 ||| READING scroll labelled BICYSY GICH.
  1792 | D:3      | 1792 ||| READING scroll labelled WIPLAW DOIN.
  1793 | D:3      | 1793 ||| DRINKING 2 bubbling golden potions.
  1841 | D:3      | 1841 ||| READING 2 scrolls of identify.
  1841 | D:3      | 1841 ||| IDENTIFYING red potion
  1842 | D:3      | 1842 ||| DROPPING potion of lignification.
  1858 | D:4      | Reached skill level 5 in Ranged Weapons
  1858 | D:4      | Reached XP level 5. HP: 30/30 MP: 6/6
  1863 | D:4      | 1863 ||| STAIRDANCE
  1967 | D:4      | Found a staircase to the Ecumenical Temple.
  1984 | D:4      | Reached skill level 3 in Fighting
  1988 | D:4      | Reached skill level 1 in Armour
  2130 | D:4      | Reached XP level 6. HP: 37/37 MP: 7/7
  2184 | D:4      | Found Yfa Puti's Magic Scroll Emporium.
  2192 | D:4      | 2192 ||| BUYING scroll of enchant weapon (82 gold).
  2192 | D:4      | Bought a scroll of enchant weapon for 82 gold pieces
  2192 | D:4      | 2192 ||| BUYING scroll of identify (22 gold).
  2192 | D:4      | Bought a scroll of identify for 22 gold pieces
  2192 | D:4      | 2192 ||| BUYING scroll of identify (22 gold).
  2192 | D:4      | Bought a scroll of identify for 22 gold pieces
  2192 | D:4      | 2192 ||| READING scroll of enchant weapon.
  2192 | D:4      | 2192 ||| ENCHANTING +2 sling.
  2460 | D:4      | Reached * piety under Okawaru
  2461 | D:4      | Reached skill level 6 in Ranged Weapons
  2909 | D:4      | 2909 ||| UPGRADING to +0 ring mail.
  2919 | D:4      | 2919 ||| DROPPING +0 leather armour.
  2920 | D:4      | 2920 ||| READING scroll labelled JAGAAZ DAIG.
  2921 | D:4      | 2921 ||| READING 3 scrolls of identify.
  2921 | D:4      | 2921 ||| IDENTIFYING inky potion
  2922 | D:4      | 2922 ||| READING 2 scrolls of identify.
  2922 | D:4      | 2922 ||| IDENTIFYING puce potion
  2923 | D:4      | 2923 ||| DROPPING potion of ambrosia.
  2976 | D:5      | Entered Level 5 of the Dungeon
  2992 | D:5      | HP: 9/37 [orc wizard/+0 dagger (1)]
  2993 | D:5      | 2993 ||| DRINKING potion of heal wounds.
  2994 | D:5      | 2994 ||| INVOKING Heroism.
  2996 | D:5      | 2996 ||| DRINKING 2 potions of curing.
  2996 | D:5      | 2996 ||| (to cure confusion)
  3019 | D:5      | Reached XP level 7. HP: 23/44 MP: 8/8
  3019 | D:5      | 3019 ||| INVOKING Heroism.
  3129 | D:5      | Reached skill level 1 in Invocations
  3164 | D:5      | 3164 ||| INVOKING Heroism.
  3176 | D:5      | 3176 ||| INVOKING Heroism.
  3389 | D:5      | 3389 ||| DRINKING potion of curing.
  3389 | D:5      | 3389 ||| (to cure confusion)
  3390 | D:5      | 3390 ||| INVOKING Heroism.
  3400 | D:5      | Slain by an ogre

Levels and vault maps discovered:
D:1:      minmay_arrival_shoal_huts, layout_rooms, minmay_3d_cube
D:2:      layout_loops_ring, serial_shops, shop
D:3:      layout_basic, grunt_temple_overflow_open,
          ebering_ecumenical_altar_hall, minmay_snake_closets
D:4:      layout_basic, minmay_temple_entry_large_hall, serial_shops,
          kennysheep_mini_moat
D:5:      layout_basic, mainiacjoe_overflow_alcove_4, palyth_stone_intersect

Skill      XL: |  1  2  3  4  5  6  7 |
---------------+----------------------+-----
Ranged Weapons | 3 5 6 |  6.5
Fighting       | 2 3 4 |  4.3
Armour         | 1 |  1.3
Invocations    | 2 |  2.3
Dodging        | |  1.5
Spellcasting   | |  1.0
Hexes          | |  2.6

Action                     |  1- 3 |  4- 6 |  7- 9 || total
---------------------------+-------+-------+-------++-------
   Fire: Sling             |   117 |   195 |    77 ||   389
 Invoke: Heroism           |       |     1 |     4 ||     5
    Use: Scroll            |     1 |    13 |       ||    14
         Potion            |       |     5 |     1 ||     6
 Armour: Robe              |     5 |       |       ||     5
         Leather armour    |    16 |    53 |       ||    69
         Ring mail         |       |    54 |    35 ||    89
  Dodge: Dodged            |    36 |   134 |    33 ||   203

Table legend:
 A = Non-vault XP
 B = Vault XP
 C = Vault XP percentage of total XP
 D = Non-vault monster count
 E = Vault monster count
 F = Vault count percentage of total count
                 A         B        C        D         E       F
            +---------+---------+-------+---------+---------+-------
      Total |     879 |      62 |   6.6 |      78 |      10 |  11.4
            +---------+---------+-------+---------+---------+-------
        D:1 |      31 |      19 |  38.0 |      16 |       4 |  20.0
        D:2 |      34 |       0 |   0.0 |      14 |       0 |   0.0
        D:3 |      42 |      43 |  50.6 |      10 |       6 |  37.5
        D:4 |     332 |       0 |   0.0 |      20 |       0 |   0.0
        D:5 |     440 |       0 |   0.0 |      18 |       0 |   0.0
            +---------+---------+-------+---------+---------+-------
